AoeStats
← RDA Ronan

Arabia

507131705Analyzed
4v4 RM · 15d ago on Sep 16, 2026· 32m 20s· 8 players
Game mode
Random Map
Map size
Large (8 player)
Population
200
Speed
Normal
Resources
Standard
Victory
Conquest
Starting age
Dark Age
Ending age
Imperial Age
RankedLock teamsTeams togetherTeam positionsShared explorationLock speedFull tech treeHidden civsTurbo modeCheats
Victory
Defeat
🇦🇷 Franks · Argentina
1305
+12
🇦🇷 Persians · Argentina
1261
+14
🇦🇷 Ethiopians · Argentina
1228
+15
🇦🇷 Saracens · Argentina
1175
+16
🇨🇴 Ethiopians · Colombia
1229
-15
🇹🇷 Dravidians · Türkiye
1221
-15
🇲🇽 Franks · Mexico
1200
-14
🇦🇷 Malians · Argentina
1183
-13
locoacosta
9:52 Feudal Age
10:23 Double-Bit Axe
15:04 Scale Barding Armor
16:01 Forging
20:43 Castle Age
21:54 Squires
22:34 Bow Saw
23:25 Husbandry
26:29 Wheelbarrow
26:51 Gold Mining
31:10 Iron Casting
30:17 Pikeman
32:23 Fletching
julianSD7
6:26 Loom
9:44 Feudal Age
10:18 Double-Bit Axe
14:54 Wheelbarrow
20:08 Scale Mail Armor
20:50 Fletching
22:40 Padded Archer Armor
26:00 Castle Age
26:03 Crossbowman
26:05 Elite Skirmisher
26:47 Bodkin Arrow
27:43 Thumb Ring
31:33 Forging
32:38 Chain Mail Armor
logibll777
6:25 Loom
12:13 Feudal Age
15:24 Forging
15:07 Fletching
18:00 Castle Age
15:53 Double-Bit Axe
16:11 Fletching
17:15 Padded Archer Armor
21:02 Gold Mining
21:19 Horse Collar
22:40 Town Watch
25:21 Wheelbarrow
27:37 Thumb Ring
juliben94
6:46 Loom
9:36 Feudal Age
23:39 Castle Age
23:25 Bloodlines
23:22 Scale Barding Armor
23:28 Forging
23:02 Horse Collar
23:17 Double-Bit Axe
28:55 Husbandry
RDA Ronan
3:26 Loom
9:26 Feudal Age
11:51 Double-Bit Axe
14:08 Fletching
17:52 Horse Collar
21:24 Castle Age
19:51 Padded Archer Armor
21:15 Gold Mining
22:08 Bodkin Arrow
21:34 Crossbowman
23:31 Town Watch
24:51 Wheelbarrow
26:40 Ballistics
28:53 Thumb Ring
30:30 Leather Archer Armor
32:27 Bow Saw
RDA | Trippelonga
6:34 Loom
9:02 Feudal Age
11:05 Double-Bit Axe
14:27 Scale Barding Armor
14:26 Horse Collar
21:15 Castle Age
19:36 Gold Mining
20:27 Bloodlines
21:31 Forging
22:42 Chain Barding Armor
27:08 Iron Casting
26:36 Husbandry
Rocker_
7:05 Loom
9:14 Feudal Age
9:57 Double-Bit Axe
15:37 Forging
17:26 Scale Barding Armor
22:05 Castle Age
23:18 Wheelbarrow
23:12 Bow Saw
25:34 Husbandry
26:29 Chain Barding Armor
28:52 Iron Casting
31:26 Gold Mining
RDA Ghosti
6:12 Loom
10:04 Feudal Age
11:49 Double-Bit Axe
16:50 Fletching
18:58 Gold Mining
21:35 Horse Collar
25:34 Castle Age
24:45 Padded Archer Armor
26:14 Bodkin Arrow
25:40 Elite Skirmisher
25:47 Crossbowman
27:45 Thumb Ring
31:58 Bow Saw
Connection lost

Rejoining the realm…

Still unreachable

The connection could not be restored.

Session expired

The server has moved on; the page needs a fresh start.